 Seeded DCSS version 0.28-a0-1206-g193881aaa2 (webtiles) character file.

Game seed: 20211215 (custom seed)

1225 muata the Thaumaturge (level 8, 0/41 HPs)
             Began as a Deep Elf Conjurer on Dec 18, 2021.
             Killed from afar by Maggie (14 damage)
             ... with a puff of flame
             ... on level 6 of the Dungeon on Dec 21, 2021.
             The game lasted 00:24:02 (5693 turns).

muata the Thaumaturge (Deep Elf Conjurer)           Turns: 5693, Time: 00:24:02

Health: 0/41       AC: 13    Str:  4    XL:     8   Next: 23%
Magic:  13/23      EV: 13    Int: 30    God:
Gold:   246        SH:  0    Dex: 17    Spells: 11/25 levels left

rFire   . . .      SeeInvis .   y - +2 rapier (venom)
rCold   x . .      Faith    .   (no shield)
rNeg    . . .      Spirit   .   a - +0 robe
rPois   .          Reflect  .   (no helmet)
rElec   .          Harm     .   s - +0 cloak "Vepumit" {+Inv rC- Int+4 Dex+4}
rCorr   .          Rampage  .   d - +2 pair of gloves
Will    .....                   o - +2 pair of boots
Stlth   +++.......              (no amulet)
HPRegen 0.13/turn               k - ring of wizardry
MPRegen 0.18/turn               r - +4 ring of protection

@: no status effects
A: no striking features
a: Evoke Invisibility


You were on level 6 of the Dungeon.
You visited 1 branch of the dungeon, and saw 6 of its levels.

You collected 246 gold pieces.

Inventory:

Hand Weapons
 y - a +2 rapier of venom (weapon)
Armour
 a - a +0 robe (worn)
 d - a +2 pair of gloves (worn)
 o - a +2 pair of boots (worn)
 s - the +0 cloak "Vepumit" (worn) {+Inv rC- Int+4 Dex+4}
   (You found it on level 4 of the Dungeon)

   Int:       It affects your intelligence (+4).
   Dex:       It affects your dexterity (+4).
   rC:        It makes you vulnerable to cold.
   +Inv:      It lets you turn invisible.
Jewellery
 k - a ring of wizardry (left hand)
 r - a +4 ring of protection (right hand)
Wands
 w - a wand of polymorph (8)
Scrolls
 b - 2 scrolls of teleportation {unknown}
 e - a scroll of immolation {unknown}
 g - 2 scrolls of identify {unknown}
 i - a scroll of brand weapon {unknown}
 l - a scroll of magic mapping {unknown}
 m - a scroll of noise {unknown}
 p - a scroll of vulnerability {unknown}
 q - a scroll of amnesia {unknown}
 t - a scroll of blinking {unknown}
Potions
 c - 4 potions of degeneration {unknown}
 f - 2 potions of heal wounds {unknown}
 h - 3 potions of flight {unknown}
 j - a potion of magic {unknown}
 n - 3 potions of attraction {unknown}
 u - 2 potions of lignification {unknown}
 x - a potion of might {unknown}


   Skills:
 + Level 3.7 Dodging
 + Level 4.0 Stealth
 - Level 9.1 Spellcasting
 - Level 8.4 Conjurations


You had 11 spell levels left.
You knew the following spells:

 Your Spells              Type           Power      Damage    Failure   Level
a - Magic Dart            Conj           100%       1d8       1%          1
b - Searing Ray           Conj           100%       2d8       1%          2
c - Dazzling Flash        Conj/Hex       78%        N/A       1%          3
d - Fulminant Prism       Conj/Hex       19%        3d11      2%          4
e - Iskenderun's Mystic   Conj/Tloc      39%        2d9       2%          4

Your spell library contained the following spells:

 Spells                   Type           Power      Damage    Failure   Level
 Petrify                  Tmut/Erth      13%        N/A       16%         4
 Metabolic Englaciation   Hex/Ice        6%         N/A       38%         5
 Statue Form              Tmut/Erth      8%         N/A       90%         6


Dungeon Overview and Level Annotations

Branches:
Dungeon (6/15)
 Temple: D:4-7

Altars:
Okawaru
Yredelemnul

Annotations:
D:6 Maggie


Message History

Maggie burns you.
Casting: Magic Dart (safe; 1% risk of failure)
Confirm with . or Enter, or press ? or * to list all spells.
Casting: Dazzling Flash (safe; 1% risk of failure)
Press: ? - help, Dir - look around, f - activate Maggie is dazzled.
Maggie barely misses you.
There is a stone staircase leading up here.
Maggie casts a spell at you. The bolt of fire hits you.
Casting: Dazzling Flash (safe; 1% risk of failure)
Confirm with . or Enter, or press ? or * to list all spells.
Aiming: Searing Ray (safe; 1% risk of failure)
Press: ? - help, Shift-Dir - straight line, f - bullfrog skeleton
Aim: a bullfrog skeleton (94% to hit)
The searing ray hits Maggie!
Maggie is moderately wounded.
The searing ray hits the bullfrog skeleton!
The bullfrog skeleton is moderately damaged. (Press . to maintain the ray.) Maggie is no longer blind.
The searing ray hits Maggie!
Maggie is moderately wounded.
The searing ray hits the bullfrog skeleton.
The bullfrog skeleton is heavily damaged.
Maggie hits you with a +0 long sword of flaming.
Maggie burns you.
The searing ray hits the bullfrog skeleton.
The bullfrog skeleton is severely damaged.
The bullfrog skeleton hits you but does no damage.
Maggie misses you.
Casting: Searing Ray (safe; 1% risk of failure)
Confirm with . or Enter, or press ? or * to list all spells.
Aiming: Magic Dart (safe; 1% risk of failure)
Press: ? - help, Shift-Dir - straight line, f - Maggie, p - bullfrog skeleton
Aim: Maggie, wielding a +0 long sword of flaming, wearing +0 steam dragon scales and carrying a wand of flame (21) (moderately wounded, poisoned, 100% to hit)
The magic dart hits Maggie.
Maggie is heavily wounded.
The bullfrog skeleton hits you but does no damage.
Maggie zaps a wand.
The puff of flame hits you!
You die...

#. #.## .<# #
# #.# .#
#.###.##.#
#........# #
##@..###.#####
#@Z.<........#
##...###.###..
##.## # ###


You could see Maggie (poisoned) and a bullfrog skeleton.

Vanquished Creatures
  Pikel (D:4)
  The ghost of jejorda2 the Chopper, an amateur PaBe of Trog (D:4)
  Menkaure (D:5)
  A kobold brigand (D:4)
  A bullfrog zombie (D:5)
  4 hounds
  A jelly (D:4)
  A centaur skeleton (D:4)
  An orc priest (D:3)
  2 iguanas
  4 gnolls (D:4)
  3 adders
  An adder skeleton (D:4)
  2 worms (D:2)
  5 dart slugs
  9 orcs
  11 endoplasms
  3 giant cockroaches
  6 goblins
  9 hobgoblins
  3 quokkas
  10 ball pythons
  4 bats
  2 frilled lizards (D:3)
  14 kobolds
  6 rats
106 creatures vanquished.

Vanquished Creatures (others)
  2 fulminant prisms
  A fungus (D:4)
  3 plants (D:4)
6 creatures vanquished.

Grand Total: 112 creatures vanquished

Notes
Turn   | Place    | Note
-------+----------+-------------------------------------------
     0 | D:1      | muata the Deep Elf Conjurer began the quest for the Orb.
     0 | D:1      | Reached XP level 1. HP: 10/10 MP: 6/6
    27 | D:1      | Upgraded the game from 0.28-a0-1184-g53156a8862 to
                  | 0.28-a0-1190-g77e1c55843
   258 | D:1      | Reached XP level 2. HP: 13/15 MP: 1/8
   469 | D:1      | Found a faded altar of an unknown god.
   722 | D:1      | Reached skill level 4 in Spellcasting
   893 | D:1      | Reached XP level 3. HP: 19/19 MP: 7/10
   930 | D:1      | Reached skill level 5 in Conjurations
  1010 | D:1      | Upgraded the game from 0.28-a0-1190-g77e1c55843 to
                  | 0.28-a0-1199-gef9e1dbd39
  1656 | D:3      | Reached XP level 4. HP: 24/24 MP: 8/12
  1852 | D:3      | Learned a level 2 spell: Searing Ray
  1984 | D:3      | Reached skill level 5 in Spellcasting
  2870 | D:3      | Reached XP level 5. HP: 23/28 MP: 8/15
  2965 | D:3      | Found a basalt altar of Yredelemnul.
  3538 | D:1      | Upgraded the game from 0.28-a0-1199-gef9e1dbd39 to
                  | 0.28-a0-1206-g193881aaa2
  3679 | D:4      | Reached skill level 6 in Spellcasting
  3752 | D:4      | Found a runed translucent gate.
  3752 | D:4      | Found a runed translucent gate.
  3752 | D:4      | Found a runed translucent gate.
  3772 | D:4      | Noticed jejorda2's ghost (amateur PaBe)
  3993 | D:4      | Reached XP level 6. HP: 24/32 MP: 9/17
  4349 | D:4      | Identified the +0 cloak "Vepumit" {+Inv rC- Int+4 Dex+4}
  4480 | D:4      | Found an iron altar of Okawaru.
  4711 | D:5      | Entered Level 5 of the Dungeon
  4727 | D:5      | Noticed Pikel
  4750 | D:4      | Killed Pikel
  4751 | D:4      | Reached skill level 8 in Spellcasting
  4751 | D:4      | Reached XP level 7. HP: 7/36 MP: 3/20
  5003 | D:4      | Learned a level 3 spell: Dazzling Flash
  5008 | D:4      | Learned a level 4 spell: Fulminant Prism
  5013 | D:4      | Learned a level 4 spell: Iskenderun's Mystic Blast
  5064 | D:4      | Killed jejorda2's ghost
  5066 | D:4      | Reached skill level 9 in Spellcasting
  5240 | D:5      | Reached XP level 8. HP: 41/41 MP: 18/23
  5279 | D:5      | Noticed Menkaure
  5283 | D:5      | Killed Menkaure
  5681 | D:6      | Noticed Maggie
  5693 | D:6      | Killed from afar by Maggie

Illustrated notes

Levels and vault maps discovered:
D:1:      zelgadis_glass_arrival_small, layout_basic,
          hellmonk_ecumenical_altar_heavens_door, minmay_split_cup_large
D:2:      layout_rooms
D:3:      minmay_skewed_foursquare, layout_basic, yredelemnul_altar_generic,
          mrwooster_statue_mirror, minmay_misc_feat_iff, serial_bayou_pond_b
D:4:      layout_basic, okawaru_gym_becter, gammafunk_ghost_nasty_kobolds
D:5:      lemuel_ice_spiral_2, layout_rooms, chequers_serial_rivers_marsh,
          uniq_menkaure, uniq_pikel
D:6:      layout_loops_corners, uniq_prince_ribbit1, uniq_crazy_yiuf_cottage,
          uniq_maggie

Skill      XL: |  1  2  3  4  5  6  7  8 |
---------------+-------------------------+-----
Spellcasting   | 4 5 6 8 9 |  9.1
Conjurations   | 5 6 7 8 |  8.4
Dodging        | 3 |  3.7
Stealth        | 4 |  4.0

Action                   |  1- 3 |  4- 6 |  7- 9 || total
-------------------------+-------+-------+-------++-------
Melee: Unarmed           |     2 |       |       ||     2
       Club              |     2 |    13 |       ||    15
       Whip              |       |       |     4 ||     4
       Rapier            |       |       |    12 ||    12
 Cast: Magic Dart        |    84 |   133 |    19 ||   236
       Searing Ray       |       |     2 |     7 ||     9
       Fulminant Prism   |       |       |     2 ||     2
       Dazzling Flash    |       |       |     1 ||     1
Armor: Robe              |       |    29 |     9 ||    38
Dodge: Dodged            |     6 |    45 |    20 ||    71

Table legend: (Time is in decaauts)
 A = Elapsed time spent in this place.
 B = Non-inter-level travel time spent in this place.
 C = Inter-level travel time spent in this place.
 D = Time resting spent in this place.
 E = Time spent auto-exploring this place.
 F = Levels seen in this place.
 G = Mean time per level.
                   A        B        C        D        E       F      G
               +--------+--------+--------+--------+--------+-----+--------+
         Total |   5707 |   5263 |    444 |   1026 |   3318 |   6 |  951.2 |
       Dungeon |   5707 |   5263 |    444 |   1026 |   3318 |   6 |  951.2 |
               +--------+--------+--------+--------+--------+-----+--------+

Top non-repeatable levels by time:
     D:3: 1682 daAuts
     D:4: 1547 daAuts
     D:1: 1413 daAuts
     D:2: 557 daAuts
     D:5: 488 daAuts
     D:6: 18 daAuts
